 Dungeon Crawl Stone Soup version 0.28.0-53-g5a82cb258f (webtiles) character file.

Game seed: 17193585383343800727

108 dranuc9 the Conjurer (level 4, 0/24 HPs)
             Began as a Deep Elf Conjurer on June 26, 2022.
             Slain by a bullfrog (8 damage)
             ... on level 3 of the Dungeon.
             The game lasted 00:24:44 (3399 turns).

dranuc9 the Conjurer (Deep Elf Conjurer)            Turns: 3399, Time: 00:24:47

Health: 0/24       AC:  3    Str:  4    XL:     4   Next: 58%
Magic:  7/11       EV: 12    Int: 25    God:
Gold:   32         SH:  0    Dex: 13    Spells: 7/10 levels left

rFire   x . .      SeeInvis .   f - +0 short sword (flame)
rCold   + . .      Faith    .   (no shield)
rNeg    . . .      Spirit   .   a - +0 robe
rPois   .          Reflect  .   (no helmet)
rElec   .          Harm     .   (no cloak)
rCorr   .          Rampage  .   (no gloves)
Will    .....                   e - +0 pair of boots
Stlth   ++........              (no amulet)
HPRegen 0.08/turn               l - ring of ice
MPRegen 0.12/turn               (no ring)

@: no status effects
A: no striking features
a: no special abilities


You were on level 3 of the Dungeon.
You visited 1 branch of the dungeon, and saw 4 of its levels.

You collected 119 gold pieces.
You spent 87 gold pieces at shops.

Inventory:

Hand Weapons
 f - a +0 short sword of flaming (weapon)
 h - a +0 hunting sling
 i - a +0 vorpal longbow
 m - a +0 hand axe of flaming
Missiles
 k - 36 bolts
Armour
 a - a +0 robe (worn)
 e - a +0 pair of boots (worn)
Jewellery
 l - a ring of ice (left hand)
Scrolls
 g - a scroll of identify
 n - a scroll of holy word {unknown}
Potions
 b - a potion of lignification
 c - 2 potions of flight
 d - 2 potions of heal wounds
 j - a potion of degeneration {unknown}


   Skills:
 + Level 2.8 Dodging
 + Level 2.7 Stealth
 + Level 3.9 Spellcasting
 + Level 6.0 Conjurations


You had 7 spell levels left.
You knew the following spells:

 Your Spells              Type           Power      Damage    Failure   Level
a - Magic Dart            Conj           100%       1d8       1%          1
b - Searing Ray           Conj           70%        2d7       1%          2

Your spell library contained the following spells:

 Spells                   Type           Power      Damage    Failure   Level
 Dazzling Flash           Conj/Hex       40%        N/A       8%          3
 Blink                    Tloc           8%         N/A       14%         2
 Fulminant Prism          Conj/Hex       10%        3d9       26%         4
 Iskenderun's Mystic Bla  Conj/Tloc      20%        2d6       26%         4
 Manifold Assault         Tloc           4%         N/A       95%         5
 Storm Form               Tmut/Air       2%         N/A       100%        7


Dungeon Overview and Level Annotations

Branches:
Dungeon (4/15)
 Temple: D:4-7

Altars:

Shops:
D:3 *

Annotations:
D:4 3 runed translucent doors, Eustachio; Menkaure; bchevrier's ghost, amateur GnWr


Message History

The bullfrog gives a loud, deep croak!
You hear a shout!
Casting: Magic Dart (safe; 1% risk of failure)
Confirm with . or Enter, or press ? or * to list all spells.
Aiming: Searing Ray (safe; 1% risk of failure)
Press: ? - help, Shift-Dir - straight line, f/p - Eustachio
Aim: Eustachio, wielding a +0 falchion and wearing a +0 leather armour (lightly wounded, 73% to hit)
The searing ray hits Eustachio.
Eustachio is lightly wounded. (Press . to maintain the ray.)
The searing ray hits Eustachio!
Eustachio is moderately wounded.
The searing ray misses Eustachio.
Eustachio mumbles some strange words.
The bullfrog releases a deep croak.
The hobgoblin shouts!
A giant cockroach comes into view.
The bullfrog hits you.
Eustachio mumbles some strange words.
Eustachio blinks!
The bullfrog misses you. The bullfrog barely misses you.
Eustachio yells, "Perjured traitor, DIE!"
There is a stone staircase leading up here.
The bullfrog closely misses you.
You climb upwards.
There is a stone staircase leading down here.
The bullfrog hits you. The bullfrog hits you. The bullfrog misses you.
The bullfrog closely misses you.
Casting: Searing Ray (safe; 1% risk of failure)
Confirm with . or Enter, or press ? or * to list all spells.
Aiming: Searing Ray (safe; 1% risk of failure)
Press: ? - help, Shift-Dir - straight line, f - bullfrog
Aim: a bullfrog (76% to hit)
The searing ray hits the bullfrog!
The bullfrog is heavily wounded. (Press . to maintain the ray.)
The bullfrog hits you!
You die...

###......##.#.###.#.# #.#
##.......##.......#.###########.#
.......######....##.............#
##.....# #.....#.##############.#
###...## #.###.#.##############.#
####.## #.#....................#
.....# #.#.#.#.##############..
###### #.....#.# ### ###.###@#
#.# #F# ######## #.# #.# #......#
#.# #.# #.####.#####.# #.# #.##
#.......###.# ...###........>.[#
.#.....########### ...#####


You could see a bullfrog.

Vanquished Creatures
  An orc wizard (D:3)
  2 adders (D:2)
  A worm (D:3)
  3 orcs (D:3)
  6 ball pythons
  7 endoplasms
  3 giant cockroaches
  6 hobgoblins
  3 jackals (D:1)
  A quokka (D:2)
  3 frilled lizards
  7 goblins
  6 kobolds
  6 rats
55 creatures vanquished.

Vanquished Creatures (others)
  4 toadstools (D:1)
4 creatures vanquished.

Grand Total: 59 creatures vanquished

Notes
Turn   | Place    | Note
-------+----------+-------------------------------------------
     0 | D:1      | dranuc9 the Deep Elf Conjurer began the quest for the Orb.
     0 | D:1      | Reached XP level 1. HP: 10/10 MP: 6/6
   242 | D:1      | Reached XP level 2. HP: 15/15 MP: 4/8
   347 | D:1      | Found a faded altar of an unknown god.
   467 | D:1      | Reached skill level 5 in Conjurations
   782 | D:1      | Reached XP level 3. HP: 19/19 MP: 4/9
  1295 | D:2      | Learned a level 2 spell: Searing Ray
  2054 | D:2      | Reached XP level 4. HP: 23/24 MP: 5/11
  2363 | D:3      | Found Ciydazoril's General Store.
  2371 | D:3      | Bought a +0 vorpal longbow for 87 gold pieces
  2811 | D:3      | Reached skill level 6 in Conjurations
  3325 | D:4      | Found a runed translucent gate.
  3325 | D:4      | Found a runed translucent gate.
  3325 | D:4      | Found a runed translucent gate.
  3326 | D:4      | Noticed bchevrier's ghost (amateur GnWr)
  3326 | D:4      | Noticed a kobold brigand
  3333 | D:4      | Noticed Menkaure
  3368 | D:4      | Noticed Eustachio
  3369 | D:4      | Noticed a bullfrog
  3399 | D:3      | Slain by a bullfrog

Illustrated notes

Levels and vault maps discovered:
D:1:      lemuel_arrival_lava_pool, layout_loops_ring,
          ebering_ecumenical_altar_mist, minmay_gold_behind_fungi,
          chequers_serial_rivers_micro_c, minmay_pentomino_q2
D:2:      layout_basic
D:3:      layout_loops_ring, serial_shops,
          nicolae_shop_competitors_out_of_business
D:4:      cheibrodos_helix_gallery, layout_cave_pools, grunt_gozag_breadcrumbs,
          gammafunk_ghost_nasty_kobolds, minmay_cut_off, uniq_menkaure,
          uniq_eustachio, uniq_pikel

Skill      XL: |  1  2  3  4 |
---------------+-------------+-----
Conjurations   | 5 6 |  6.0
Dodging        | |  2.8
Stealth        | |  2.7
Spellcasting   | |  3.9

Action                   |  1- 3 |  4- 6 || total
-------------------------+-------+-------++-------
Melee: Short sword       |     4 |       ||     4
       Punch             |     1 |       ||     1
 Cast: Magic Dart        |    83 |    17 ||   100
       Searing Ray       |     1 |     7 ||     8
  Use: Scroll            |     2 |     6 ||     8
Dodge: Dodged            |     9 |     6 ||    15
